 Dungeon Crawl Stone Soup version 0.23.1 (webtiles) character file.

Game seed: 494739519683209330

14591 Jannitor the Spear-Bearer (level 11, -10/87 HPs)
             Began as a Mummy Chaos Knight on Mar 3, 2019.
             Was a Plaything of Xom.
             Mangled by a catoblepas (11 damage)
             ... while petrified by you
             ... in a Gauntlet.
             The game lasted 00:28:51 (13080 turns).

Jannitor the Spear-Bearer (Mummy Chaos Knight)     Turns: 13080, Time: 00:28:51

Health: -10/87     AC: 21    Str: 21    XL:     11   Next: 90%
Magic:  0/24       EV:  2    Int: 13    God:    Xom [*.....]
Gold:   1336       SH:  0    Dex: 11    Spells: 10/10 levels left

rFire    x x .     SeeInvis .   m - +7 trident "Sidad" {pierce, +Rage Str+3}
rCold    + + .     Gourm    .   e - +0 buckler
rNeg     + + +     Faith    .   A - +5 plate armour
rPois    ∞         Spirit   +   z - +2 hat of the Bear Spirit {Spirit, +Rage rN+ MR++}
rElec    .         Reflect  .   (no cloak)
rCorr    .         Harm     .   v - +0 pair of gloves
MR       +++..     NoTele   +   (no boots)
Stlth    ..........             (no amulet)
HPRegen  0.24/turn              p - ring of ice
MPRegen  0.19/turn              w - ring of magical power

@: petrified, very slightly contaminated
A: no food or potions, fire vulnerability, cold resistance 1, negative energy
resistance 3, torment resistance, unbreathing
a: Renounce Religion


You were in a Gauntlet.
You worshipped Xom.
You were a special plaything of Xom.
You were not hungry.

You visited 2 branches of the dungeon, and saw 13 of its levels.
You also visited: Bailey and Gauntlet.

You collected 1336 gold pieces.

Inventory:

Hand Weapons
 a - a +0 mace of chaos
 g - a +3 flail
 m - the +7 trident "Sidad" (weapon) {pierce, +Rage Str+3}
   (You found it on level 5 of the Dungeon)

   It inflicts extra damage upon your enemies.
   It affects your strength (+3).
   It lets you go berserk.
Missiles
 d - 327 stones
 f - 51 sling bullets
 h - 2 tomahawks (quivered)
 l - 4 tomahawks of returning
 x - 3 throwing nets
 B - 5 poisoned tomahawks
Armour
 e - a +0 buckler (worn)
 s - the +0 pair of gloves of the Everdark {-Tele rPois Int+9 Dex-2}
   (You found it in a Gauntlet)

   It affects your intelligence (+9).
   It affects your dexterity (-2).
   It protects you from poison.
   It prevents most forms of teleportation.
 v - a +0 pair of gloves (worn)
 z - the +2 hat of the Bear Spirit (worn) {Spirit, +Rage rN+ MR++}
   (You found it in a bailey)

   It protects you from negative energy.
   It affects your resistance to hostile enchantments.
   It lets you go berserk.
 A - a +5 plate armour (worn)
Jewellery
 p - a ring of ice (left hand)
 w - a ring of magical power (right hand)
Wands
 k - a wand of iceblast (12)
 r - a wand of digging (6)
 y - a wand of polymorph (10)
Scrolls
 b - a scroll of immolation
 c - 2 scrolls of amnesia
 j - 3 scrolls of noise
 n - 8 scrolls of teleportation
 q - 4 scrolls of magic mapping
 t - 2 scrolls of remove curse
 C - a scroll of brand weapon


   Skills:
 + Level 8.6 Fighting
 - Level 3.5 Maces & Flails
 * Level 9.3 Polearms
 + Level 3.5 Throwing
 + Level 7.0 Armour
 - Level 0.7 Dodging
 - Level 5.3 Shields
 + Level 6.0 Evocations


You had 10 spell levels left.
You didn't know any spells.
Your spell library contained the following spells:

 Spells                   Type           Power        Failure   Level  Hunger
 Corona                   Hex            #......      99%         1    N/A
 Infusion                 Chrm           #...         99%         1    N/A
 Magic Dart               Conj           #...         99%         1    N/A
 Blink                    Tloc           N/A          100%        2    N/A
 Call Imp                 Summ           #.......     100%        2    N/A
 Ensorcelled Hibernation  Hex/Ice        #.....       100%        2    N/A
 Shroud of Golubria       Chrm/Tloc      #.........   100%        2    N/A
 Slow                     Hex            #.......     100%        2    N/A
 Song of Slaying          Chrm           #.......     100%        2    N/A
 Confuse                  Hex            #.......     100%        3    N/A
 Conjure Flame            Conj/Fire      #.......     100%        3    N/A
 Dazzling Spray           Conj/Hex       #.....       100%        3    N/A
 Inner Flame              Hex/Fire       #.......     100%        3    N/A
 Mephitic Cloud           Conj/Pois/Air  #.......     100%        3    N/A
 Portal Projectile        Hex/Tloc       #.....       100%        3    N/A
 Spectral Weapon          Hex/Chrm       #.......     100%        3    N/A
 Tukima's Dance           Hex            #.......     100%        3    N/A
 Cause Fear               Hex            #.........   100%        4    N/A
 Leda's Liquefaction      Hex/Erth       #.........   100%        4    N/A
 Summon Lightning Spire   Summ/Air       #.......     100%        4    N/A
 Silence                  Hex/Air        #.........   100%        5    N/A
 Conjure Ball Lightning   Conj/Air       #.........   100%        6    N/A
 Deflect Missiles         Chrm/Air       #.........   100%        6    N/A
 Tornado                  Air            #.........   100%        9    N/A
 Regeneration             Chrm/Necr      Unusable     N/A         3    N/A

Dungeon Overview and Level Annotations

Branches:
Dungeon (10/15)            Temple (0/1) D:5            Lair (3/6) D:8
  Swamp (0/4) Lair:2       Spider (0/4) Lair:3          Orc (0/2) D:10

Altars:
Cheibriados
Dithmenos
Fedhas
Gozag
Makhleb
Nemelex Xobeh
Qazlal
Ru
Uskayaw
Vehumet
Wu Jian
Xom
The Shining One

Portals:
Volcano: Lair:1

Annotations:
D:4 3 runed translucent doors, harness's ghost, amateur DESk Gauntlet 8 transporters


Innate Abilities, Weirdness & Mutations

You do not eat or drink.
Your flesh is vulnerable to fire.
You are immune to poison.
Your flesh is cold resistant. (rC+)
You are immune to negative energy. (rN+++)
You are immune to unholy pain and torment.
You can survive without breathing.


Message History

Your limbs are stiffening.
Okay, then.
Unknown command.
Evoke which item? (* to show all) (? for menu, Esc to quit)
Okay, then.
Unknown command.
Press: ? - help, . - travel You can't see that place. [the floor.] Unknown command.
You have turned to stone.
The catoblepas gores you!!
* * * LOW HITPOINT WARNING * * *
The catoblepas breathes a plume of calcifying dust at you.
The blast of calcifying dust hits you but does no damage.
You are engulfed in calcifying dust.
The catoblepas gores you!
* * * LOW HITPOINT WARNING * * *
You are engulfed in calcifying dust.
The catoblepas gores you!!
You die...
Xom thinks this is hilarious!

.≈# .## .≈# .## .≈#
#########
.######....##.####
####.Y..##Y##....#
≈##..##.##....##.##
##...##....##§##@.#
#.......##.##..Y.##
#.8©.##.##....##.#
#....##....######.#
#.8§....##.+ ##
#..§.##.##.# #.8§.#
.. #..... ##...##


You could see a catoblepas.

Vanquished Creatures
  An orc knight (D:10)
  A guardian serpent (Lair:2)
  2 black mambas
  2 molten gargoyles (Gauntlet)
  A komodo dragon (Lair:2)
  A polar bear (Lair:2)
  A rime drake (Lair:2)
  3 meliai (Gauntlet)
  Prince Ribbit (D:8)
  5 blink frogs (Lair:2)
  3 hippogriffs
  A wyvern (D:7)
  A basilisk (Lair:1)
  3 fire bats (Lair:2)
  12 yaks
  A fire elemental (Lair:2)
  A hungry ghost (D:8)
  A steam dragon (Lair:2)
  10 water moccasins
  Duvessa (D:6)
  4 porcupines
  2 ice beasts
  2 orc warriors
  A swamp drake (Lair:2)
  A tengu (D:6)
  A sky beast (D:10)
  A necrophage (D:7)
  4 ogres
  4 wolves (Lair:2)
  A centaur (D:6)
  3 crocodiles
  5 bullfrogs
  8 gnoll sergeants (Bailey)
  A water moccasin zombie (D:5)
  Dowan (D:6)
  3 scorpions
  10 killer bees
  2 electric eels
  3 crimson imps
  A bullfrog zombie (D:8)
  4 jellies
  A bullfrog skeleton (D:7)
  5 orc priests
  5 hounds
  6 gnoll shamans (Bailey)
  2 iguanas
  12 orc wizards
  3 worker ants
  2 hound zombies
  2 hound skeletons
  A worker ant zombie (D:7)
  22 gnolls
  5 adders
  A river rat (Lair:2)
  3 shadow imps
  2 oozes (D:2)
  An adder zombie (D:8)
  An adder skeleton (D:7)
  3 worms
  A dart slug (D:3)
  A leopard gecko (D:3)
  47 orcs
  2 ball pythons
  5 giant cockroaches
  10 goblins
  5 hobgoblins
  4 jackals
  4 kobolds (D:1)
  4 quokkas
  6 bats
  7 frilled lizards
  A leopard gecko skeleton (D:8)
  A quokka skeleton (D:5)
  2 rats (D:3)
291 creatures vanquished.

Vanquished Creatures (collateral kills)
  A yak (Lair:2)
  3 fire bats (Lair:2)
  A bullfrog (Lair:1)
5 creatures vanquished.

Vanquished Creatures (others)
  A yak (Lair:2)
  A fungus (Lair:2)
2 creatures vanquished.

Grand Total: 298 creatures vanquished

Notes
Turn   | Place    | Note
-------+----------+-------------------------------------------
     0 | D:1      | Jannitor the Mummy Chaos Knight began the quest for the
                  | Orb.
     0 | D:1      | Reached XP level 1. HP: 18/18 MP: 1/1
   158 | D:1      | XOM: harmless Erth miscast
   317 | D:1      | XOM is BORED!
   317 | D:1      | XOM: mild Summ miscast
   318 | D:1      | Noticed a spatial vortex
   376 | D:1      | XOM: god gift: 26 stones
   382 | D:1      | Reached XP level 2. HP: 24/24 MP: 2/2
   761 | D:2      | Found a stormy altar of Qazlal.
   936 | D:2      | XOM: cleaving
   939 | D:2      | Reached XP level 3. HP: 29/29 MP: 3/3
   957 | D:2      | Noticed a glowing shapeshifter
   957 | D:2      | a hobgoblin changed into a glowing shapeshifter
   957 | D:2      | XOM: polymorph hobgoblin -> glowing shapeshifter
   957 | D:2      | Noticed a glowing orange brain
   957 | D:2      | a glowing shapeshifter changed into a glowing orange brain
   976 | D:2      | Noticed a faun
   976 | D:2      | a glowing orange brain changed into a faun
   978 | D:2      | Noticed a torpor snail
   978 | D:2      | a faun changed into a torpor snail
  1033 | D:3      | XOM: harmless Necr miscast
  1177 | D:3      | XOM: 2-stop teleportation journey
  1184 | D:3      | Reached XP level 4. HP: 35/35 MP: 4/4
  1412 | D:3      | Found a snail-covered altar of Cheibriados.
  1415 | D:3      | Found an opulent altar of Gozag.
  1418 | D:3      | Found a sacrificial altar of Ru.
  1432 | D:3      | Reached skill level 1 in Shields
  2010 | D:4      | XOM: medium Necr miscast
  2326 | D:4      | Found a runed translucent gate.
  2327 | D:4      | Found a runed translucent gate.
  2327 | D:4      | Noticed harness's ghost (amateur DESk)
  2327 | D:4      | Noticed a big kobold
  2328 | D:4      | Found a runed translucent gate.
  2347 | D:4      | XOM: harmless Air miscast
  2350 | D:4      | XOM: harmless Erth miscast
  2512 | D:4      | XOM: mild Tmut miscast
  2768 | D:5      | Entered Level 5 of the Dungeon
  2773 | D:5      | Got a scorched trident
  2774 | D:5      | Identified the +7 trident "Sidad" {pierce, +Rage Str+3}
                  | (You found it on level 5 of the Dungeon)
  2786 | D:5      | Reached XP level 5. HP: 40/42 MP: 5/5
  2796 | D:4      | XOM: summons 2 hostile demons
  3149 | D:4      | Reached skill level 1 in Polearms
  3212 | D:4      | Found an ornate altar of the Wu Jian Council.
  3759 | D:5      | Found a staircase to the Ecumenical Temple.
  3793 | D:5      | Reached XP level 6. HP: 46/48 MP: 6/6
  3866 | D:5      | Reached skill level 2 in Polearms
  4026 | D:5      | XOM: 1-stop teleportation journey
  4103 | D:5      | XOM: harmless Hex miscast
  4185 | D:5      | Found a shadowy altar of Dithmenos.
  4195 | D:5      | XOM: chaos upgrade
  4326 | D:6      | XOM: 2-stop teleportation journey
  4351 | D:6      | XOM: blink monster(s)
  4356 | D:6      | Reached XP level 7. HP: 33/55 MP: 7/7
  4359 | D:6      | Noticed a +0 hand axe
  4360 | D:6      | Found a hide-covered altar of Uskayaw.
  4360 | D:6      | Noticed a +0 hand axe
  4521 | D:6      | Got an ichor-stained long sword
  4537 | D:6      | XOM: polymorph gnoll sergeant -> tengu
  4547 | D:6      | Reached skill level 3 in Polearms
  4553 | D:6      | Reached skill level 1 in Evocations
  4677 | D:6      | Found a sparkling altar of Nemelex Xobeh.
  4679 | D:6      | Found a radiant altar of Vehumet.
  4731 | D:6      | Noticed Duvessa
  4731 | D:6      | Noticed Dowan
  4736 | D:6      | Killed Dowan
  4738 | D:6      | Killed Duvessa
  4742 | D:6      | XOM: divination: detect items
  4879 | D:6      | Found a glowing golden altar of the Shining One.
  5305 | D:7      | XOM: stealth player
  5360 | D:7      | Reached skill level 5 in Fighting
  5360 | D:7      | Reached XP level 8. HP: 62/62 MP: 9/9
  5377 | D:7      | Identified the +7 long sword of Mubbocut {slice, Int+4}
                  | (You found it on level 6 of the Dungeon)
  5467 | D:7      | XOM: harmless Air miscast
  5481 | D:7      | Found a burning altar of Makhleb.
  5617 | D:7      | Reached skill level 4 in Polearms
  5777 | D:7      | XOM: mild Erth miscast
  5815 | D:7      | XOM: confuse monster(s)
  5829 | D:7      | Reached skill level 5 in Polearms
  5831 | D:7      | XOM: enchant monster (good)
  6079 | D:7      | Reached XP level 9. HP: 24/69 MP: 11/11
  6442 | D:7      | XOM: harmless Pois miscast
  6587 | D:7      | XOM: potion effect (haste)
  6592 | D:7      | XOM: potion effect (haste)
  6706 | D:7      | XOM: harmless Summ miscast
  6920 | D:8      | XOM: potion effect (might)
  6924 | D:8      | XOM: potion effect (invisibility)
  7162 | D:8      | Reached skill level 6 in Polearms
  7222 | D:8      | Found a staircase to the Lair.
  7261 | D:8      | Found a blossoming altar of Fedhas.
  7271 | D:8      | XOM: god gift: ration
  7359 | D:8      | Found a shimmering altar of Xom.
  7360 | D:8      | Found a shimmering altar of Xom.
  7433 | D:8      | XOM: divination: detect items
  7440 | D:8      | Reached skill level 5 in Armour
  7518 | D:8      | XOM: divination: detect items
  7597 | D:9      | Noticed Prince Ribbit
  7605 | D:8      | XOM: scenery: 1 doors close
  7608 | D:8      | Killed Prince Ribbit
  7694 | D:8      | XOM: god gift: scroll of blinking
  8357 | D:10     | Entered Level 10 of the Dungeon
  8390 | D:10     | Reached XP level 10. HP: 77/77 MP: 12/12
  8455 | D:10     | Found a flagged portal.
  8481 | Bailey   | Entered a bailey
  8624 | Bailey   | XOM: mild Hex miscast
  8705 | Bailey   | XOM is BORED!
  8705 | Bailey   | XOM: mild Air miscast
  8745 | Bailey   | XOM: summons 2 hostile shadow creatures
  8748 | Bailey   | XOM: summons friendly white imp
  8769 | Bailey   | Reached skill level 5 in Shields
  8974 | Bailey   | XOM: mild Chrm miscast
  9068 | Bailey   | Reached skill level 7 in Polearms
  9295 | Bailey   | Found the +2 hat of the Bear Spirit {Spirit, +Rage rN+
                  | MR++}
  9510 | D:10     | XOM: chaos upgrade
  9595 | D:10     | XOM: harmless Tmut miscast
  9674 | D:10     | XOM: swap monsters
  9826 | D:10     | Noticed an orc knight
  9831 | D:10     | XOM: cleaving
 10087 | D:10     | Killed an orc knight
 10156 | D:10     | Found a staircase to the Orcish Mines.
 10413 | D:7      | XOM: mild Hex miscast
 10485 | Lair:1   | Entered Level 1 of the Lair of Beasts
 10597 | Lair:1   | XOM: summons friendly iron imp
 10661 | Lair:1   | Reached skill level 1 in Throwing
 10726 | Lair:1   | Found a dark tunnel.
 10847 | Lair:1   | XOM: cast spell 'Cause Fear'
 10943 | Lair:1   | Noticed a black mamba
 10956 | Lair:1   | Killed a black mamba
 10956 | Lair:1   | Reached skill level 8 in Polearms
 10961 | Lair:1   | Reached skill level 5 in Evocations
 11101 | Lair:1   | Reached XP level 11. HP: 82/85 MP: 14/14
 11193 | Lair:2   | XOM: mild Conj miscast
 11201 | Lair:2   | XOM: enchant monster (good)
 11232 | Lair:2   | XOM: polymorph yak -> rime drake
 11239 | Lair:2   | XOM: summons friendly quasit
 11336 | Lair:2   | Found a staircase to the Swamp.
 11379 | Lair:2   | XOM: divination: magic mapping
 11388 | Lair:2   | XOM: noise
 11408 | Lair:2   | XOM: confuse monster(s)
 11606 | Lair:2   | XOM: summons 11 friendly demons
 11733 | Lair:2   | XOM: summons 5 hostile demons
 11740 | Lair:2   | XOM: harmless Conj miscast
 11744 | Lair:2   | XOM: noise
 11760 | Lair:2   | XOM: stat loss: -1 Str (20/21)
 11785 | Lair:2   | XOM: mild Fire miscast
 11788 | Lair:2   | XOM: swap monsters
 11808 | Lair:2   | XOM: enchant monster (good)
 11809 | Lair:2   | XOM: polymorph yak -> guardian serpent
 11971 | Lair:2   | XOM: blink monster(s)
 12055 | Lair:2   | XOM: cleaving
 12072 | Lair:2   | XOM: divination: detect items
 12219 | Lair:2   | XOM: destruction
 12222 | Lair:2   | Reached skill level 9 in Polearms
 12225 | Lair:2   | XOM: harmless Summ miscast
 12601 | Lair:3   | XOM: stealth player
 12634 | Lair:3   | XOM: harmless Ice miscast
 12637 | Lair:3   | Found a gate leading to a gauntlet.
 12646 | Gauntlet | Entered a Gauntlet
 12646 | Gauntlet | Found a transporter.
 12649 | Gauntlet | Found a transporter.
 12669 | Gauntlet | Found a transporter.
 12669 | Gauntlet | Found a transporter.
 12689 | Gauntlet | Found a transporter.
 12689 | Gauntlet | Noticed a fire crab
 12702 | Gauntlet | Found a transporter.
 12715 | Gauntlet | Found a transporter.
 12715 | Gauntlet | Noticed a necromancer
 12715 | Gauntlet | Noticed a death yak
 12716 | Gauntlet | Noticed a death yak
 12716 | Gauntlet | Noticed a death yak
 12716 | Gauntlet | Noticed a death yak
 12717 | Gauntlet | Noticed a death yak
 12732 | Gauntlet | Found a transporter.
 12736 | Gauntlet | Found a transporter.
 12744 | Gauntlet | Found a transporter.
 12766 | Gauntlet | Found a transporter.
 12770 | Gauntlet | Found a transporter.
 12772 | Gauntlet | Noticed a catoblepas
 13024 | Gauntlet | Got a pair of blackened gloves
 13035 | Gauntlet | Identified the cursed +0 pair of gloves of the Everdark
                  | {-Tele rPois Int+9 Dex-2} (You found it in a Gauntlet)
 13057 | Gauntlet | XOM: blink monster(s)
 13077 | Gauntlet | HP: 4/87 [catoblepas (5)]
 13079 | Gauntlet | HP: 1/87 [catoblepas (4)]
 13080 | Gauntlet | Mangled by a catoblepas

Skill      XL: |  1  2  3  4  5  6  7  8  9 10 11 |
---------------+----------------------------------+-----
Maces & Flails | 3 |  3.5
Armour         | 2 3 4 5 6 7 |  7.0
Shields        | 1 2 3 4 5 |  5.3
Polearms       | 1 2 3 5 6 8 9 |  9.3
Fighting       | 4 5 6 7 8 |  8.6
Evocations     | 1 2 3 5 6 |  6.0
Throwing       | 1 3 |  3.5
Dodging        | |  0.7

Action                   |  1- 3 |  4- 6 |  7- 9 | 10-12 || total
-------------------------+-------+-------+-------+-------++-------
Melee: Mace              |    93 |       |       |       ||    93
       Flail             |     5 |    68 |       |       ||    73
       Trident           |       |    56 |   257 |   473 ||   786
Throw: Stone             |     9 |       |     1 |     3 ||    13
       Tomahawk          |       |       |     3 |     5 ||     8
Evoke: Wand              |       |     2 |    20 |    41 ||    63
  Use: Scroll            |     3 |    10 |     1 |    10 ||    24
 Stab: Confused          |     1 |       |       |     1 ||     2
       Petrified         |    10 |       |       |       ||    10
       Petrifying        |     1 |       |     1 |       ||     2
       Invisible         |       |       |     1 |       ||     1
       Distracted        |       |       |       |     1 ||     1
Armor: Leather armour    |    37 |       |       |       ||    37
       Ring mail         |     1 |    20 |       |       ||    21
       Scale mail        |       |    15 |    19 |       ||    34
       Plate armour      |       |       |    84 |   254 ||   338
Dodge: Dodged            |    41 |    52 |    85 |   123 ||   301
Block: Buckler           |     6 |    24 |    37 |   106 ||   173
